 Dungeon Crawl Stone Soup version 0.28-a0-312-gbced6e68ee (webtiles) character file.

Game seed: 17951330450404308561

31720 Nikola2751 the Fencer (level 13, -11/118 HPs)
             Began as a Minotaur Berserker on Aug 30, 2021.
             Was a High Priest of Trog.
             Killed from afar by a tengu reaver (51 damage)
             ... with a bolt of lightning
             ... on level 14 of the Dungeon.
             The game lasted 00:28:35 (17086 turns).

Nikola2751 the Fencer (Minotaur Berserker)         Turns: 17086, Time: 00:28:37

Health: -11/118    AC: 23    Str: 22    XL:     13   Next: 27%
Magic:  21/21      EV:  9    Int:  4    God:    Trog [*****.]
Gold:   692        SH:  5    Dex: 23    Spells: 12/12 levels left

rFire   . . .      SeeInvis .   b - +6 triple sword of Cavae {flame, Dex+5}
rCold   + . .      Faith    .   (shield currently unavailable)
rNeg    + . .      Spirit   .   d - +1 plate armour "Ibbanuyr" {+Inv rN+ Dex+3}
rPois   .          Reflect  +   u - +0 hat
rElec   .          Harm     .   p - +1 cloak
rCorr   .          Rampage  .   (no gloves)
Will    .....      Rnd*Rage +   (no boots)
Stlth   ..........              g - amulet of reflection
HPRegen 0.29/turn               h - ring of magical power
MPRegen 0.17/turn               r - ring "Leoniale" {rC+ AC+4 Stlth+}

@: flayed
A: horns 2, retaliatory headbutt, talons 1, berserk 1
a: Renounce Religion, Evoke Invisibility, Berserk, Trog's Hand, Brothers in Arms


You were on level 14 of the Dungeon.
You worshipped Trog.
Trog was extremely pleased with you.
You visited 1 branch of the dungeon, and saw 14 of its levels.
You also visited: Ossuary.

You collected 692 gold pieces.

Inventory:

Hand Weapons
 b - the +6 triple sword of Cavae (weapon) {flame, Dex+5}
   (You acquired it on level 3 of the Dungeon)

   It burns those it strikes, dealing additional fire damage.
   Big, fiery blades are also staple armaments of hydra-hunters.
   Dex:       It affects your dexterity (+5).
Missiles
 m - a throwing net (quivered)
Armour
 d - the +1 plate armour "Ibbanuyr" (worn) {+Inv rN+ Dex+3}
   (You found it on level 10 of the Dungeon)

   Dex:       It affects your dexterity (+3).
   rN:        It protects you from negative energy.
   +Inv:      It lets you turn invisible.
 p - a +1 cloak (worn)
 u - a +0 hat (worn)
Jewellery
 g - an amulet of reflection (around neck)
 h - a ring of magical power (left hand)
 r - the ring "Leoniale" (right hand) {rC+ AC+4 Stlth+}
   (You acquired it on level 9 of the Dungeon)

   [ring of protection]

   AC:        It affects your AC (+4).
   rC:        It protects you from cold.
   Stlth:     It makes you more stealthy.
Wands
 j - a wand of acid (21)
 o - a wand of iceblast (19)
 x - a wand of charming (8)
Scrolls
 a - a scroll of holy word
 c - 4 scrolls of teleportation
 f - a scroll of silence
 k - a scroll of fear
 l - 10 scrolls of identify
 w - a scroll of magic mapping
Potions
 e - 4 potions of heal wounds
 n - 10 potions of curing
 s - 2 potions of haste


   Skills:
 + Level 12.0 Fighting
 + Level 18.6 Long Blades
 + Level 0.4 Throwing
 + Level 13.0 Armour
 + Level 3.4 Dodging
 + Level 1.6 Stealth
 + Level 5.3 Shields


You had 12 spell levels left.
You didn't know any spells.
Your spell library was empty.

Dungeon Overview and Level Annotations

Branches:
Dungeon (14/15)            Temple (0/1) D:4            Lair (0/6) D:9
    Orc (0/2) D:9         Ossuary (visited)
 Vaults: D:13-14

Altars:
Ashenzari
Dithmenos
Hepliaklqana
Kikubaaqudgha
Okawaru
Trog
Uskayaw


Innate Abilities, Weirdness & Mutations

You have a pair of horns on your head.
You reflexively headbutt those who attack you in melee.
You have sharp toenails.
You tend to lose your temper in combat.


Message History

The flame cauterises the wound!
You slice the four-headed hydra!! You burn the four-headed hydra.
You claw the four-headed hydra! You headbutt the four-headed hydra!
The four-headed hydra is severely wounded.
The four-headed hydra bites you.
The four-headed hydra barely misses you.
The four-headed hydra bites you but does no damage.
The four-headed hydra misses you.
The tengu reaver hits you but does no damage.
You hack one of the four-headed hydra's heads off!
The flame cauterises the wound!
You slice the three-headed hydra!! You burn the three-headed hydra.
You kill the three-headed hydra!
Trog accepts your kill.
A flayed ghost comes into view.
The tengu reaver hits you from afar with a +0 halberd!!
Your Armour skill increases to level 13!
The flayed ghost stares at you with tortured malice.
Terrible wounds open up all over your body!
The tengu reaver hits you but does no damage.
The tengu reaver pecks you but does no damage.
The tengu reaver misses you.
You slice the tengu reaver!! You burn the tengu reaver.
You claw the tengu reaver, but do no damage.
You headbutt the tengu reaver!
The tengu reaver is heavily wounded.
You block the tengu reaver's attack. The tengu reaver barely misses you.
The tengu reaver claws you but does no damage.
You slice the tengu reaver!! You burn the tengu reaver.
You claw the tengu reaver, but do no damage.
The tengu reaver is almost dead.
The tengu reaver hits you with a +0 halberd!
The tengu reaver pecks you but does no damage.
The tengu reaver claws you but does no damage.
You closely miss the tengu reaver.
The tengu reaver is almost dead.
The flayed ghost hits you!
The tengu reaver gestures at you while chanting.
The bolt of lightning hits you!!!
You die...

##...... #...... #......
##### #...... #...#
#...... '...# #......
#...# #...... #QW.#
#...... #@.# #######
###..#
##.#..###############
##..'.##..............
#...#.#..........#####
########†####..#####...#
###.........##...# #...#
#.†.......###....# ##.##
### #.#....######.#.###
#.####..


You could see a tengu reaver and a flayed ghost.

Vanquished Creatures
  Gastronok (D:11)
  4 hydras
  A boulder beetle (D:12)
  2 centaur warriors (D:13)
  A death knight (D:14)
  A catoblepas (D:12)
  2 tengu warriors (D:13)
  2 skeletal warriors (D:14)
  2 deep elf pyromancers
  A wolf spider (D:14)
  2 ugly things
  2 manticores
  A gargoyle (D:11)
  4 centaur zombies
  A yaktaur (shapeshifter) (D:14)
  An efreet (D:13)
  2 komodo dragons
  An unseen horror (D:13)
  A freezing wraith (D:14)
  3 trolls
  8 slime creatures (D:12)
  2 hornets
  A wolf spider simulacrum (D:14)
  Sigmund (D:3)
  A shadow (D:11)
  13 yaks
  2 wyverns
  3 wraiths
  A basilisk (D:9)
  A hog (D:13)
  A steam dragon (D:9)
  4 vampire mosquitoes (D:11)
  A warg (D:9)
  An acid dragon (D:8)
  6 water moccasins
  6 black bears
  A necrophage (D:8)
  6 orc warriors
  A sky beast (D:6)
  2 wolves (D:9)
  5 centaurs
  A kobold brigand (D:8)
  A gnoll sergeant (D:6)
  The ghost of NigelTetley the Conjurer, an amateur DECj of Cheibriados (D:5)
  2 bullfrogs (D:7)
  3 scorpions
  A wyvern skeleton (D:6)
  A water moccasin skeleton (D:6)
  9 wights
  4 killer bees (D:8)
  A howler monkey (D:9)
  2 jellies
  2 bullfrog zombies (D:5)
  3 bullfrog skeletons
  7 orc priests
  Crazy Yiuf (D:2)
  A gnoll shaman (D:6)
  4 hounds
  A centaur skeleton (D:7)
  Terence (D:3)
  17 orc wizards
  4 iguanas
  A killer bee zombie (D:6)
  A hound skeleton (D:4)
  12 mummies (Ossuary)
  A howler monkey zombie (D:10)
  6 adders
  14 gnolls
  2 ufetubi (D:6)
  2 worms
  5 dart slugs
  29 orcs
  3 bats
  3 endoplasms
  2 giant cockroaches
  8 goblins
  6 hobgoblins
  5 jackals
  4 ball pythons (D:2)
  2 frilled lizards
  A gnoll skeleton (Ossuary)
  2 goblin skeletons (Ossuary)
  9 kobolds
  4 kobold skeletons (Ossuary)
  An orc skeleton (Ossuary)
  4 rats
  11 rat skeletons (Ossuary)
  2 rat zombies (D:5)
  A butterfly (D:4)
310 creatures vanquished.

Vanquished Creatures (collateral kills)
  Kirke (D:13)
  A boulder beetle (D:12)
  A hydra (D:13)
  A two-headed ogre (D:12)
  An ugly thing (D:12)
  2 hogs (D:13)
  3 orc wizards (D:8)
  A kobold (D:8)
11 creatures vanquished.

Vanquished Creatures (others)
  A human (D:4)
  An orc wizard (D:4)
  A fungus (D:9)
  3 plants (D:9)
6 creatures vanquished.

Grand Total: 327 creatures vanquished

Notes
Turn   | Place    | Note
-------+----------+-------------------------------------------
     0 | D:1      | Nikola2751 the Minotaur Berserker began the quest for the
                  | Orb.
     0 | D:1      | Reached XP level 1. HP: 19/19 MP: 0/0
   129 | D:1      | Reached skill level 4 in Long Blades
   129 | D:1      | Reached XP level 2. HP: 25/27 MP: 1/1
   715 | D:2      | Reached XP level 3. HP: 32/33 MP: 2/2
   972 | D:2      | Reached ** piety under Trog
  1098 | D:2      | Found a runed translucent door.
  1099 | D:2      | Noticed Crazy Yiuf
  1106 | D:2      | Killed Crazy Yiuf
  1107 | D:2      | Reached skill level 5 in Long Blades
  1107 | D:2      | Reached XP level 4. HP: 13/41 MP: 3/3
  1440 | D:3      | Noticed a +0 hand axe
  1440 | D:3      | Noticed a +0 hand axe
  1441 | D:3      | Found a hide-covered altar of Uskayaw.
  1559 | D:3      | Identified a scroll of acquirement
  1560 | D:3      | Acquired the +6 triple sword of Cavae {flame, Dex+5}
  2011 | D:3      | Reached XP level 5. HP: 22/47 MP: 4/4
  2321 | D:3      | Noticed Terence
  2325 | D:3      | Killed Terence
  2438 | D:3      | Noticed Sigmund
  2443 | D:3      | Killed Sigmund
  2444 | D:3      | Reached skill level 6 in Long Blades
  2444 | D:3      | Reached XP level 6. HP: 48/55 MP: 5/5
  2724 | D:4      | Found a shadowy altar of Dithmenos.
  2801 | D:4      | Found a broken altar of Ashenzari.
  2810 | D:4      | Reached skill level 5 in Armour
  2816 | D:4      | Reached skill level 7 in Long Blades
  2951 | D:4      | Reached skill level 1 in Stealth
  3297 | D:4      | Found an ancient bone altar of Kikubaaqudgha.
  3298 | D:4      | Noticed a human
  3300 | D:4      | Killed a human
  3483 | D:4      | Found an iron altar of Okawaru.
  3483 | D:4      | Found a bloodstained altar of Trog.
  3529 | D:4      | Reached skill level 5 in Fighting
  3533 | D:4      | Reached XP level 7. HP: 54/61 MP: 6/6
  3760 | D:4      | Found a staircase to the Ecumenical Temple.
  3864 | D:5      | Entered Level 5 of the Dungeon
  3867 | D:5      | Found a sand-covered staircase.
  3868 | D:5      | Found a transporter.
  3872 | D:5      | Found a transporter.
  3873 | D:5      | Noticed NigelTetley's ghost (amateur DECj)
  3874 | D:5      | Reached *** piety under Trog
  3912 | Ossuary  | Entered an ossuary
  4206 | D:5      | Acquired the amulet of Darkness {Spirit Rampage rC- Int+8
                  | Dex-2}
  4229 | D:5      | Noticed a troll
  4235 | D:5      | Killed a troll
  4236 | D:5      | Reached skill level 8 in Long Blades
  4236 | D:5      | Reached XP level 8. HP: 39/70 MP: 7/7
  4489 | D:5      | Reached skill level 9 in Long Blades
  4609 | D:5      | Killed NigelTetley's ghost
  4609 | D:5      | Reached **** piety under Trog
  5370 | D:6      | Reached skill level 10 in Long Blades
  6036 | D:6      | Reached XP level 9. HP: 79/79 MP: 8/8
  6202 | D:6      | Found a hazy altar of Hepliaklqana.
  6412 | D:7      | Reached skill level 11 in Long Blades
  6659 | D:7      | Reached ***** piety under Trog
  6694 | D:7      | Reached skill level 12 in Long Blades
  7679 | D:8      | Reached XP level 10. HP: 57/90 MP: 9/9
  8039 | D:8      | Reached skill level 13 in Long Blades
  8774 | D:9      | Found a staircase to the Orcish Mines.
  8981 | D:9      | Found a staircase to the Lair.
  8996 | D:9      | Reached skill level 14 in Long Blades
  9023 | D:9      | HP: 4/91 [poisoned by a water moccasin]
 10101 | D:9      | Acquired the ring "Leoniale" {rC+ AC+4 Stlth+}
 10256 | D:10     | Entered Level 10 of the Dungeon
 10273 | D:10     | Reached skill level 1 in Shields
 10605 | D:10     | Reached XP level 11. HP: 96/97 MP: 10/10
 10665 | D:10     | Identified the +1 plate armour "Ibbanuyr" {+Inv rN+ Dex+3}
 10749 | D:10     | Reached skill level 15 in Long Blades
 10752 | D:10     | Reached skill level 10 in Armour
 11250 | D:11     | Noticed Gastronok
 11256 | D:11     | Killed Gastronok
 11300 | D:11     | Paralysed by a hornet for 2 turns
 11866 | D:11     | Gained mutation: You tend to lose your temper in combat.
                  | [potion of mutation]
 11866 | D:11     | Gained mutation: You have sharp toenails. [potion of
                  | mutation]
 12637 | D:11     | Received a gift from Trog
 12758 | D:11     | Reached skill level 10 in Fighting
 12758 | D:11     | Reached skill level 16 in Long Blades
 12983 | D:11     | Found a bloodstained altar of Trog.
 13619 | D:12     | Noticed a catoblepas
 13625 | D:12     | Killed a catoblepas
 13986 | D:12     | Reached XP level 12. HP: 98/107 MP: 11/11
 14103 | D:12     | Noticed a boulder beetle
 14130 | D:12     | Reached skill level 17 in Long Blades
 14133 | D:12     | Killed a boulder beetle
 14465 | D:12     | Noticed a two-headed ogre
 14469 | D:12     | Killed a two-headed ogre
 14502 | D:12     | Noticed a boulder beetle
 14512 | D:12     | Killed a boulder beetle
 14833 | D:13     | Noticed a tengu warrior
 14833 | D:13     | Noticed a tengu warrior
 14844 | D:13     | Killed a tengu warrior
 14870 | D:13     | Noticed Kirke
 14871 | D:13     | Killed a tengu warrior
 14872 | D:13     | Noticed a five-headed hydra
 14889 | D:13     | Killed a five-headed hydra
 14890 | D:13     | Killed Kirke
 15272 | D:13     | Noticed a six-headed hydra
 15278 | D:13     | Killed a three-headed hydra
 15279 | D:13     | Reached skill level 18 in Long Blades
 15585 | D:13     | Noticed a centaur warrior
 15591 | D:13     | Killed a centaur warrior
 15800 | D:13     | Noticed a centaur warrior
 15811 | D:13     | Killed a centaur warrior
 16098 | D:14     | Reached skill level 5 in Shields
 16215 | D:14     | Identified the +8 spear of Acek {vorpal, Fly MP+9}
 16239 | D:14     | Noticed a death knight
 16247 | D:14     | Killed a death knight
 16248 | D:14     | Reached XP level 13. HP: 103/117 MP: 12/12
 16288 | D:14     | Received a gift from Trog
 17078 | D:14     | Noticed a tengu reaver
 17086 | D:14     | Killed from afar by a tengu reaver

Illustrated notes

Levels and vault maps discovered:
D:1:      mushboom_english_gardens, layout_rooms
D:2:      layout_rooms, uniq_crazy_yiuf_cottage
D:3:      layout_basic, dancing_weapons_uskayaw, uniq_sigmund, uniq_terence
D:4:      layout_loops_ring, kennysheep_mini, tgw_kikubaaqudgha,
          mainiacjoe_overflow_surrounded_room, grunt_temple_overflow_bloody_war,
          minmay_temple_entry_butterflies, minmay_a_box_with_orc_wizards_in_it
D:5:      layout_rooms, gammafunk_ghost_mausoleum, enter_ossuary_3
D:6:      layout_rooms, worldfamousw_hep_ancestral_shrine
D:7:      layout_basic
D:8:      layout_rooms
D:9:      layout_loops_ring, minmay_lair_entry_grove, david_orc_3
D:10:     layout_basic
D:11:     layout_gridville, trog_butcher_becter, uniq_gastronok
D:12:     layout_irregular_city
D:13:     layout_irregular_city, chequers_serial_rivers_marsh, uniq_kirke
D:14:     minmay_sliced_demisemicircle, layout_basic, erik_vaults_2,
          hangedman_decor_points, minmay_misc_feat_encased, drop_trap,
          nicolae_stop_n_shop_1

Skill      XL: |  1  2  3  4  5  6  7  8  9 10 11 12 13 |
---------------+----------------------------------------+-----
Long Blades    | 4 5 6 7 8 10 12 14 16 18 | 18.6
Fighting       | 4 5 6 7 8 9 10 11 12 | 12.0
Armour         | 3 4 5 6 7 8 9 11 12 13 | 13.0
Stealth        | 1 |  1.6
Dodging        | 3 |  3.4
Shields        | 1 3 5 |  5.3
Throwing       | |  0.4

Action                   |  1- 3 |  4- 6 |  7- 9 | 10-12 | 13-15 || total
-------------------------+-------+-------+-------+-------+-------++-------
Melee: Falchion          |    58 |     2 |       |       |       ||    60
       Headbutt          |    15 |     6 |    26 |    74 |    17 ||   138
       Triple sword      |       |    56 |   198 |   276 |    43 ||   573
       Kick              |       |       |       |    59 |    20 ||    79
Throw: Throwing net      |       |       |     1 |     1 |       ||     2
Invok: Berserk           |       |     1 |     4 |     4 |       ||     9
       Brothers in Arms  |       |       |     1 |     4 |       ||     5
       Trog's Hand       |       |       |       |     1 |       ||     1
  Use: Scroll            |       |     8 |     9 |     9 |       ||    26
       Potion            |       |     1 |     2 |     7 |       ||    10
Armor: Chain mail        |    24 |    63 |   138 |    99 |       ||   324
       Plate armour      |       |       |       |   135 |    41 ||   176
Dodge: Dodged            |    28 |    27 |   102 |   149 |    31 ||   337
Block: Other             |       |       |       |    75 |    16 ||    91
       Reflection        |       |       |       |     3 |       ||     3

Table legend: (Time is in decaauts)
 A = Elapsed time spent in this place.
 B = Non-inter-level travel time spent in this place.
 C = Inter-level travel time spent in this place.
 D = Time resting spent in this place.
 E = Time spent auto-exploring this place.
 F = Levels seen in this place.
 G = Mean time per level.
                   A        B        C        D        E       F      G
               +--------+--------+--------+--------+--------+-----+--------+
         Total |  17342 |  16973 |    369 |   4743 |   9990 |  15 | 1156.1 |
       Dungeon |  17029 |  16660 |    369 |   4743 |   9799 |  14 | 1216.4 |
       Ossuary |    313 |    313 |      0 |      0 |    191 |   1 |  313.0 |
               +--------+--------+--------+--------+--------+-----+--------+

Top non-repeatable levels by time:
    D:11: 1945 daAuts
    D:12: 1662 daAuts
     D:9: 1555 daAuts
     D:4: 1317 daAuts
    D:13: 1280 daAuts
     D:7: 1260 daAuts
     D:3: 1226 daAuts
     D:8: 1217 daAuts
     D:5: 1170 daAuts
     D:6: 1012 daAuts
    D:14: 1009 daAuts
    D:10: 1000 daAuts
     D:2: 802 daAuts
     D:1: 568 daAuts
 Ossuary: 313 daAuts
